 Dungeon Crawl Stone Soup version 0.20.0-15-g7f486f2 (webtiles) character file.

154 greprep the Ruffian (level 5, -2/46 HPs)
             Began as a Ghoul Monk on June 25, 2017.
             Slain by an orc wizard
             ... wielding a +0 dagger
              (5 damage)
             ... on level 3 of the Dungeon.
             The game lasted 00:04:52 (2309 turns).

greprep the Ruffian (Ghoul Monk)                    Turns: 2309, Time: 00:04:52

Health: -2/46      AC:  3    Str: 16    XL:     5   Next: 35%
Magic:  0/4        EV: 12    Int:  5    God:
Gold:   120        SH:  0    Dex: 11    Spells: 4/4 levels left

rFire    . . .     SeeInvis .     - Unarmed
rCold    + . .     Gourm    .   (no shield)
rNeg     + + +     Faith    .   e - +0 leather armour (curse)
rPois    ∞         Spirit   +   (no helmet)
rElec    .         Reflect  .   c - scarf {Spirit}
rCorr    .         Harm     .   (no gloves)
MR       .....                  (no boots)
Stlth    ++........             (no amulet)
Regen    0.0/turn               (no ring)
MPRegen  0.1/turn               (no ring)

@: rotting
A: rotting body, claws 1, carnivore 3, cold resistance 1, negative energy
resistance 3, inhibited regeneration, torment resistance, unbreathing
a: no special abilities


You were on level 3 of the Dungeon.
You were not hungry.

You visited 1 branch of the dungeon, and saw 3 of its levels.

You collected 120 gold pieces.

Inventory:

Armour
 c - a scarf of spirit shield (worn)
 e - a cursed +0 leather armour (worn)
Jewellery
 k - an uncursed ring of flight {unknown}
 m - an uncursed amulet of faith {unknown}
Wands
 r - a wand of flame (21/48)
Scrolls
 a - a scroll of fog {unknown}
 g - 2 scrolls of identify {unknown}
 h - a scroll of teleportation {unknown}
 i - a scroll of recharging {unknown}
 n - a scroll of immolation {unknown}
 o - 3 scrolls of fear {unknown}
Potions
 f - a potion of ambrosia {unknown}
 j - 2 potions of curing {unknown}
 l - a potion of cancellation {unknown}
 p - a potion of mutation {unknown}
 s - a potion of haste {unknown}
 t - a potion of resistance {unknown}
Comestibles
 b - a meat ration
 d - 2 royal jellies
 q - 2 chunks of flesh


   Skills:
 + Level 4.0 Fighting
 + Level 1.7 Armour
 + Level 3.3 Dodging
 + Level 2.6 Stealth
 + Level 4.6 Unarmed Combat


You had 4 spell levels left.
You didn't know any spells.

Dungeon Overview and Level Annotations

Branches:
Dungeon (3/15)

Altars:


Innate Abilities, Weirdness & Mutations

Your body is rotting away.
You thrive on raw meat.
You are immune to poison.
You have sharp fingernails.
You are carnivorous and can eat meat at any time.
Your flesh is cold resistant. (rC+)
You are immune to negative energy. (rN+++)
You do not regenerate when monsters are visible.
You are immune to unholy pain and torment.
You can survive without breathing.


Message History

The orc completely misses you.
Unknown command.
You scratch the orc wizard but do no damage.
The orc wizard is severely wounded.
The orc wizard hits you with a dagger.
* * * LOW HITPOINT WARNING * * *
The orc barely misses you.
Unknown command.
You barely miss the orc wizard.
The orc wizard is severely wounded.
Unknown command.
You completely miss the orc wizard.
The orc wizard is severely wounded.
The orc hits you with a mace.
* * * LOW HITPOINT WARNING * * *
The orc hits you with a mace!
* * * LOW HITPOINT WARNING * * *
Unknown command.
The orc wizard hits you with a dagger.
You die...

.............##.......
#...................####..
#.........................
#................##......
###...................#####
#........#.............#...
..#......#..%......#.....#.
#.(.....#(........#.###...
#....oooo@..........#####.
#.##..##..#...............
...[. ##o.....#..)#####..
.....o. ##.....##..# ...
......o .......... ...
....... .##......... ....
....... #....##... ....ooo
... #.#.. .... ....#


You could see an orc wizard and 4 orcs.

Vanquished Creatures
  An orc wizard (D:3)
  6 adders
  A worm (D:2)
  A dart slug (D:1)
  6 orcs (D:3)
  A ball python (D:1)
  4 bats
  2 giant cockroaches
  5 goblins
  4 hobgoblins
  9 jackals
  A quokka (D:2)
  A frilled lizard (D:1)
  8 kobolds
  8 rats
58 creatures vanquished.

Notes
Turn   | Place    | Note
-------+----------+-------------------------------------------
     0 | D:1      | greprep the Ghoul Monk began the quest for the Orb.
     0 | D:1      | Reached XP level 1. HP: 19/19 MP: 0/0
   241 | D:1      | Reached XP level 2. HP: 26/26 MP: 1/1
   526 | D:1      | Reached XP level 3. HP: 31/31 MP: 2/2
  1095 | D:2      | Reached XP level 4. HP: 36/40 MP: 1/3
  2076 | D:3      | Reached skill level 1 in Armour
  2217 | D:3      | Reached XP level 5. HP: 39/46 MP: 4/4
  2309 | D:3      | Slain by an orc wizard

Skill      XL: |  1  2  3  4 |
---------------+-------------+-----
Dodging        | 3 |  3.3
Unarmed Combat | 4 |  4.6
Armour         | 1 |  1.7
Fighting       | 4 |  4.0
Stealth        | |  2.6

Action                   |  1- 3 |  4- 6 || total
-------------------------+-------+-------++-------
Melee: Unarmed           |   105 |    79 ||   184
       Punch             |     1 |     1 ||     2
 Stab: Sleeping          |     2 |       ||     2
  Eat: Chunk             |    11 |    10 ||    21
Armor: Robe              |     6 |       ||     6
       Leather armour    |    24 |    18 ||    42
Dodge: Dodged            |    64 |    35 ||    99
